 Dungeon Crawl Stone Soup version 0.20-a0-208-g55166f7 (webtiles) character file.

331 tbh1313 the Cleaver (level 6, 0/51 HPs)
             Began as a Minotaur Berserker on Nov 25, 2016.
             Was a Believer of Trog.
             Succumbed to Edmund's poison
             ... on level 4 of the Dungeon.
             The game lasted 00:06:27 (3499 turns).

tbh1313 the Cleaver (Minotaur Berserker)            Turns: 3499, Time: 00:06:27

Health: 0/51       AC:  9    Str: 22    XL:     6   Next: 26%
Magic:  5/5        EV: 10    Int:  6    God:    Trog [**....]
Gold:   116        SH:  0    Dex:  9    Spells: 5/5 levels left

rFire  + . .     SeeInvis .     a - +0 hand axe
rCold  . . .     Gourm    .     r - +3 scale mail {rF+}
rNeg   . . .     Faith    .     (no shield)
rPois  .         Spirit   .     (helmet restricted)
rElec  .         Reflect  .     (no cloak)
rCorr  .         Harm     .     (no gloves)
MR     .....                    (no boots)
Stlth  ..........               (no amulet)
                                (no ring)
                                (no ring)

@: lethally poisoned (0 -> -33), exhausted, slowed, very slow
A: retaliatory headbutt, horns 2
a: Berserk, Trog's Hand, Burn Spellbooks, Renounce Religion


You were on level 4 of the Dungeon.
You worshipped Trog.
Trog was pleased with you.
You were hungry.

You visited 1 branch of the dungeon, and saw 4 of its levels.

You collected 116 gold pieces.

Inventory:

Hand Weapons
 a - a +0 hand axe (weapon)
Armour
 b - a +0 animal skin
 m - a +0 leather armour
 r - a +3 scale mail of fire resistance (worn)
Jewellery
 s - an uncursed amulet of rage
Wands
 w - a wand of hasting (9/9)
Scrolls
 d - a scroll of remove curse
 h - 2 scrolls of enchant armour
 k - a scroll of teleportation
 l - a scroll of amnesia
Potions
 e - a potion of curing
 g - a potion of invisibility {unknown}
 i - a potion of might {unknown}
 j - a potion of brilliance {unknown}
 n - a potion of agility {unknown}
 o - 2 potions of flight
 p - a potion of lignification
 t - a potion of berserk rage {unknown}
Comestibles
 c - 3 bread rations
 f - 5 fruits
 q - a beef jerky
 u - a meat ration


   Skills:
 - Level 3.6 Fighting
 + Level 8.5 Axes
 - Level 2.4 Armour
 - Level 2.1 Dodging


You had 5 spell levels left.
You didn't know any spells.

Dungeon Overview and Level Annotations

Branches:
Dungeon (4/15)
 Temple: D:4-7

Altars:
Nemelex Xobeh
Uskayaw


Innate Abilities, Weirdness & Mutations

You reflexively headbutt those who attack you in melee.
You have a pair of horns on your head.


Message History

Your Axes skill increases to level 8!
You have reached level 6!
Your experience leads to an increase in your attributes!
Your base attributes are Str 22, Int 5, Dex 9.
Increase (S)trength, (I)ntelligence, or (D)exterity?
You feel clever.
* * * LOW HITPOINT WARNING * * *
You feel sick.
You are too berserk!
* * * LOW HITPOINT WARNING * * *
You feel sick.
You feel a strong urge to attack something.
* * * LOW HITPOINT WARNING * * *
You feel sick.
* * * LOW HITPOINT WARNING * * *
You feel sick.
You feel your anger subside.
You are no longer berserk.
You are exhausted.
You feel yourself slow down.
You die...

### ..# #.#
####.#####.#
#..@........
#.#.#.##.##....
#....Z..# .
##...#### #.##
#. #


There were no monsters in sight!

Vanquished Creatures
  Edmund (D:4)
  A worker ant (D:4)
  Natasha (thrice) (D:3)
  3 adders
  An ooze (D:1)
  An adder skeleton (D:4)
  A worm (D:3)
  A dart slug (D:1)
  3 leopard geckos
  3 giant cockroaches
  9 goblins
  11 hobgoblins
  6 jackals
  A quokka (D:3)
  7 bats
  5 frilled lizards
  7 kobolds
  6 rats
70 creatures vanquished.

Notes
Turn   | Place    | Note
-------+----------+-------------------------------------------
     0 | D:1      | tbh1313 the Minotaur Berserker began the quest for the Orb.
     0 | D:1      | Reached XP level 1. HP: 19/19 MP: 0/0
    38 | D:1      | Reached skill level 4 in Axes
   196 | D:1      | Reached XP level 2. HP: 16/26 MP: 1/1
   525 | D:1      | Reached skill level 5 in Axes
   617 | D:1      | Reached XP level 3. HP: 31/31 MP: 2/2
   809 | D:2      | Reached ** piety under Trog
  1474 | D:2      | Reached XP level 4. HP: 39/39 MP: 3/3
  1584 | D:2      | Reached skill level 6 in Axes
  1699 | D:2      | Found a hide-covered altar of Uskayaw.
  2357 | D:3      | Found a sparkling altar of Nemelex Xobeh.
  2471 | D:3      | Noticed Natasha
  2478 | D:3      | Killed Natasha
  2865 | D:3      | Noticed Natasha
  2879 | D:3      | Killed Natasha
  2879 | D:3      | Reached skill level 7 in Axes
  2879 | D:3      | Reached XP level 5. HP: 16/45 MP: 4/4
  3125 | D:3      | Noticed Natasha
  3135 | D:3      | Killed Natasha
  3484 | D:4      | Noticed Edmund
  3495 | D:4      | Killed Edmund
  3495 | D:4      | Reached skill level 8 in Axes
  3495 | D:4      | Reached XP level 6. HP: 10/51 MP: 5/5
  3498 | D:4      | HP: 3/76 [poisoned by Edmund]
  3499 | D:4      | Succumbed to Edmund's poison

Vault maps used:
D:1:      minmay_arrival_plants_in_alcoves
D:2:      nicolae_overflow_hidden_temple, serial_forest,
          infiniplex_forest_side_room, infiniplex_forest_lined_3,
          infiniplex_forest_pool, infiniplex_forest_end_1,
          infiniplex_forest_clump_medium, infiniplex_forest_straight_4,
          infiniplex_forest_end_1, minmay_tetromino_l4
D:3:      nicolae_overflow_crystal_walls, kennysheep_generic_room_13,
          uniq_natasha
D:4:      grunt_temple_overflow_magic_moments, nicolae_ru_sacrificial_ziggurat,
          marbit_many_paths, uniq_edmund, uniq_crazy_yiuf_cottage

Skill      XL: |  1  2  3  4  5 |
---------------+----------------+-----
Axes           | 4 5 7 8 |  8.5
Fighting       | |  3.6
Armour         | |  2.4
Dodging        | |  2.1

Action                   |  1- 3 |  4- 6 || total
-------------------------+-------+-------++-------
Melee: Hand axe          |    68 |   115 ||   183
       Headbutt          |    12 |    16 ||    28
Invok: Berserk           |     1 |     2 ||     3
  Use: Scroll            |       |    11 ||    11
  Eat: Chunk             |     3 |     7 ||    10
Armor: Animal skin       |    11 |       ||    11
       Scale mail        |       |    37 ||    37
       Leather armour    |       |     7 ||     7
Dodge: Dodged            |    46 |    46 ||    92
